 Dungeon Crawl Stone Soup version 0.26.1-11-gd32895ea62 (webtiles) character file.

Game seed: 7683592312460969062

2756 infcreate the Covert (level 9, -6/51 HPs)
             Began as a Vampire Enchanter on Apr 13, 2021.
             Was an Initiate of Dithmenos.
             Mangled by an elephant (15 damage)
             ... on level 8 of the Dungeon.
             The game lasted 00:31:51 (9395 turns).

infcreate the Covert (Vampire Enchanter)            Turns: 9395, Time: 00:31:52

Health: -6/51      AC:  9    Str:  7    XL:     9   Next: 41%
Magic:  10/15      EV: 17    Int: 18    God:    Dithmenos [......]
Gold:   328        SH:  0    Dex: 17    Spells: 4/16 levels left

rFire    . . .     SeeInvis +   m - +3 dagger
rCold    + + .     Faith    .   (no shield)
rNeg     + + +     Spirit   .   b - +0 robe
rPois    ∞         Reflect  .   q - +2 hat
rElec    .         Harm     .   B - +0 cloak
rCorr    .         Rampage  .   f - +2 pair of gloves
Will     .....                  D - +0 pair of boots
Stlth    ++++++....             (no amulet)
HPRegen  0.00/turn              L - ring of flight
MPRegen  0.14/turn              (no ring)

@: confusing touch, bloodless
A: fangs 3, see invisible, unbreathing
a: Bat Form, Revivify, Renounce Religion, Evoke Flight


You were on level 8 of the Dungeon.
You worshipped Dithmenos.
Dithmenos was noncommittal.
You visited 2 branches of the dungeon, and saw 9 of its levels.

You collected 328 gold pieces.


Innate Abilities, Weirdness & Mutations

You do not regenerate when monsters are visible.
You are frail without blood (-20% HP).
You can heal yourself when you bite living creatures.
You are immune to poison.
You have razor-sharp teeth.
You have supernaturally acute eyesight. (SInv)
You can survive without breathing.


   Skills:
 + Level 3.4 Fighting
 * Level 6.3 Short Blades
 * Level 6.7 Dodging
 * Level 9.9 Stealth
 + Level 4.1 Spellcasting
 * Level 9.5 Hexes


You had 4 spell levels left.
You knew the following spells:

 Your Spells              Type           Power        Failure   Level
c - Corona                Hex            41%          1%          1
d - Tukima's Dance        Hex            37%          1%          3
e - Ensorcelled Hibernat  Hex/Ice        40%          3%          2
f - Dazzling Flash        Conj/Hex       40%          6%          3
t - Confusing Touch       Hex            37%          1%          3

Your spell library contained the following spells:

 Spells                   Type           Power        Failure   Level
 Sandblast                Erth           6%           14%         1
 Passwall                 Tmut/Erth      2%           22%         2
 Stone Arrow              Conj/Erth      6%           41%         3
 Petrify                  Tmut/Erth      3%           82%         4
 Lee's Rapid Deconstruct  Erth           1%           99%         5

Inventory:

Hand Weapons
 m - a +3 dagger (weapon)
 p - the +10 short sword of Mourning {pain, *Corrode Str+4 Dex+3}
   (You found it on level 4 of the Dungeon)

   In the hands of one skilled in necromantic magic, it inflicts extra damage on
   living creatures.
   It affects your strength (+4).
   It affects your dexterity (+3).
   It may corrode you when you take damage.
 u - a +2 dagger of venom
Armour
 b - a +0 robe (worn)
 f - a +2 pair of gloves (worn)
 q - a +2 hat (worn)
 B - a +0 cloak (worn)
 D - a +0 pair of boots (worn)
Jewellery
 C - an uncursed ring of ice
 F - an uncursed ring of fire
 L - a ring of flight (left hand)
Wands
 g - a wand of paralysis (7)
 l - a wand of polymorph (7)
 w - a wand of flame (7)
Scrolls
 c - 8 scrolls of identify {@r1}
 d - 3 scrolls of immolation
 n - a scroll of enchant weapon {unknown}
 o - a scroll of random uselessness {unknown}
 s - 5 scrolls of teleportation {@r4}
 t - 3 scrolls of remove curse {@r2}
 x - a scroll of fear {unknown}
 y - a scroll of summoning {unknown}
Potions
 a - 2 potions of attraction {unknown}
 e - 5 potions of curing {unknown}
 h - 2 potions of berserk rage {unknown}
 i - 2 potions of haste {unknown}
 j - a potion of resistance {unknown}
 k - a potion of brilliance {unknown}
 r - 2 potions of invisibility {unknown}
 v - 3 potions of lignification {unknown}
 z - 4 potions of flight {unknown}

Dungeon Overview and Level Annotations

Branches:
Dungeon (8/15)             Temple (1/1) D:5            Lair (0/6) D:8

Altars:
Dithmenos
Elyvilon
Fedhas
Gozag
Hepliaklqana
Kikubaaqudgha
Makhleb
Nemelex Xobeh
Okawaru
Qazlal
Ru
Sif Muna
Trog
Uskayaw
Wu Jian
Xom
Yredelemnul
Zin
The Shining One

Shops:
D:4 } D:5

* ░.....#####
░.........#
░.....#.#.######
░.##...........#
░....▒▒▒▒.▒▒▒▒.#
░....▒▒.....▒▒.#
......▒.......▒.#
......▒.......▒Y#
..........⚑....@#
..▒.......▒.#
..▒.......▒.#
▒▒.....▒▒.#
..▒▒▒▒.▒▒▒▒.#####
.................#
....######.......#
.. #.......#
#.......#


You could see an elephant.


Message History

The elephant misses you.
The elephant trunk-slaps you but does no damage.
You hit the elephant but do no damage.
The elephant is heavily wounded.
You hit the elephant but do no damage. You bite the elephant.
You draw the elephant's blood!
You feel better.
The elephant is heavily wounded.
The elephant completely misses you. The elephant closely misses you.
You hit the elephant.
You bite the elephant, but do no damage.
The elephant is heavily wounded.
The elephant closely misses you. The elephant completely misses you.
You barely miss the elephant.
The elephant is heavily wounded.
You hit the elephant.
You bite the elephant, but do no damage.
The elephant is severely wounded.
The elephant seems less confused.
The elephant tramples you!
* * * LOW HITPOINT WARNING * * *
You stumble backwards!
You hit the elephant but do no damage. You bite the elephant.
You draw the elephant's blood!
You feel better.
The elephant is severely wounded.
The elephant tramples you!
* * * LOW HITPOINT WARNING * * *
You stumble backwards!
Casting: Confusing Touch (safe; 1% risk of failure)
Confirm with . or Enter, or press ? or * to list all spells.
Your hands begin to glow red.
The elephant tramples you!
You die...

Skill      XL: |  1  2  3  4  5  6  7  8  9 |
---------------+----------------------------+-----
Hexes          | 5 6 7 9 |  9.5
Short Blades   | 2 3 4 5 6 |  6.3
Stealth        | 5 6 7 9 |  9.9
Fighting       | 1 2 3 |  3.4
Dodging        | 3 4 5 6 |  6.7
Spellcasting   | 3 4 |  4.1

Action                   |  1- 3 |  4- 6 |  7- 9 || total
-------------------------+-------+-------+-------++-------
Melee: Dagger            |   122 |   180 |   227 ||   529
       Bite              |     4 |    24 |    29 ||    57
       Short sword       |       |     5 |       ||     5
 Cast: Corona            |    19 |     6 |       ||    25
       Ensorcelled Hiber |    16 |    36 |    14 ||    66
       Confusing Touch   |     1 |    13 |    33 ||    47
       Tukima's Dance    |       |       |     4 ||     4
 Abil: Exsanguinate      |     1 |       |       ||     1
  Use: Scroll            |     1 |     2 |     2 ||     5
 Stab: Sleeping          |    19 |    39 |    21 ||    79
       Confused          |       |     8 |    27 ||    35
Armor: Robe              |    29 |    29 |    35 ||    93
Dodge: Dodged            |    75 |    85 |   175 ||   335

Levels and vault maps discovered:
D:1:      evilmike_arrival_come_back, layout_rooms
D:2:      layout_rooms
D:3:      layout_basic
D:4:      layout_rooms, kiku_gazebo_pond_becter, serial_shops, shop,
          minmay_strange_pillars, kennysheep_generic_room_3
D:5:      layout_rooms, dancing_weapons_uskayaw, minmay_temple_entry_water_ring,
          serial_corexii_hall, corexii_hall_statues_s,
          chequers_hall_statues_wall_a, serial_shops, shop
D:6:      layout_rooms, makhleb_altar_promises_db, nrook_mini_vaults,
          uniq_blork_the_orc, uniq_duvessa, uniq_crazy_yiuf_cottage
D:7:      layout_loops_ring, tgw_sif, minivault_27, uniq_prince_ribbit1
D:8:      layout_gridville, vehumet_statue, old_standard_altar,
          david_lair_generic, serial_shops, shop, shop,
          fedhas_bush_and_centaur_altar, uniq_psyche
Temple:   eino_temple_scatter_basement

Notes
Turn   | Place    | Note
-------+----------+-------------------------------------------
     0 | D:1      | infcreate the Vampire Enchanter began the quest for the
                  | Orb.
     0 | D:1      | Reached XP level 1. HP: 13/13 MP: 3/3
    10 | D:1      | Noticed an ogre
   271 | D:1      | Reached XP level 2. HP: 15/15 MP: 1/5
   381 | D:1      | Learned a level 2 spell: Ensorcelled Hibernation
   915 | D:1      | Reached XP level 3. HP: 17/20 MP: 3/6
   919 | D:1      | Learned a level 3 spell: Confusing Touch
  1128 | D:2      | Reached skill level 5 in Hexes
  1311 | D:2      | Reached skill level 2 in Short Blades
  1436 | D:2      | Reached skill level 5 in Stealth
  1810 | D:2      | Reached XP level 4. HP: 20/24 MP: 3/7
  1880 | D:2      | Noticed a centaur
  2457 | D:3      | Reached skill level 1 in Fighting
  2908 | D:3      | Reached skill level 3 in Dodging
  3745 | D:2      | Killed a centaur
  3746 | D:2      | Reached XP level 5. HP: 29/29 MP: 2/8
  4205 | D:4      | Got a faintly glowing short sword
  4310 | D:4      | Reached skill level 3 in Short Blades
  4330 | D:4      | Reached skill level 6 in Hexes
  4330 | D:4      | Reached XP level 6. HP: 26/34 MP: 0/9
  4422 | D:4      | Found an ancient bone altar of Kikubaaqudgha.
  4436 | D:4      | Identified the +10 short sword of Mourning {pain, *Corrode
                  | Str+4 Dex+3} (You found it on level 4 of the Dungeon)
  4470 | D:4      | Reached skill level 6 in Stealth
  4724 | D:4      | Reached skill level 4 in Dodging
  4904 | D:4      | Found Pafibeitsu's Gadget Shoppe.
  4985 | D:5      | Entered Level 5 of the Dungeon
  4990 | D:5      | Noticed a +0 dagger
  4996 | D:5      | Noticed a +0 hand axe
  5006 | D:5      | Found a hide-covered altar of Uskayaw.
  5177 | D:5      | Reached XP level 7. HP: 39/39 MP: 11/11
  5333 | D:5      | Found Geolamo's Assorted Antiques.
  5457 | D:5      | Found a staircase to the Ecumenical Temple.
  5468 | Temple   | Entered the Ecumenical Temple
  5571 | Temple   | Became a worshipper of Dithmenos the Shadowed
  5729 | D:6      | Noticed Blork the orc
  5734 | D:6      | Killed Blork the orc
  5735 | D:6      | Reached skill level 2 in Fighting
  5735 | D:6      | Reached skill level 4 in Short Blades
  5735 | D:6      | Reached skill level 7 in Stealth
  5735 | D:6      | Reached skill level 7 in Hexes
  5741 | D:6      | Learned a level 3 spell: Tukima's Dance
  5763 | D:6      | Reached skill level 3 in Spellcasting
  5814 | D:6      | Noticed Duvessa
  5815 | D:6      | Noticed Dowan
  5948 | D:6      | Killed Duvessa
  5953 | D:6      | Killed Dowan
  6073 | D:6      | Reached skill level 5 in Dodging
  6131 | D:6      | Reached XP level 8. HP: 45/45 MP: 12/12
  6222 | D:6      | Found a runed translucent door.
  6223 | D:6      | Noticed Crazy Yiuf
  6455 | D:6      | Found a burning altar of Makhleb.
  6455 | D:6      | Noticed a green death
  6560 | D:6      | Killed Crazy Yiuf
  6936 | D:6      | Reached skill level 8 in Stealth
  7583 | D:6      | Reached skill level 8 in Hexes
  7771 | D:7      | Reached skill level 5 in Short Blades
  8334 | D:7      | Noticed Prince Ribbit
  8336 | D:7      | Killed Prince Ribbit
  8337 | D:7      | Reached skill level 3 in Fighting
  8337 | D:7      | Reached skill level 6 in Dodging
  8337 | D:7      | Reached skill level 9 in Stealth
  8341 | D:7      | Learned a level 3 spell: Dazzling Flash
  8345 | D:7      | Noticed a cyclops
  8348 | D:7      | Killed a cyclops
  8349 | D:7      | Reached skill level 9 in Hexes
  8349 | D:7      | Reached XP level 9. HP: 51/51 MP: 14/14
  8445 | D:7      | Found a shimmering blue altar of Sif Muna.
  8729 | D:8      | Reached skill level 6 in Short Blades
  8791 | D:8      | Noticed a two-headed ogre
  8796 | D:8      | Found a blossoming altar of Fedhas.
  8804 | D:8      | Noticed a two-headed ogre
  9121 | D:7      | Reached skill level 4 in Spellcasting
  9155 | D:8      | Reached * piety under Dithmenos
  9203 | D:8      | Found a bloodstained altar of Trog.
  9287 | D:8      | Noticed an elephant
  9298 | D:8      | Found a staircase to the Lair.
  9395 | D:8      | Mangled by an elephant

Vanquished Creatures
  A cyclops (D:7)
  Prince Ribbit (D:7)
  A wyvern (D:8)
  2 basilisks (D:8)
  2 water moccasins (D:7)
  Duvessa (D:6)
  A sky beast (D:6)
  A necrophage (D:6)
  2 centaurs
  Blork the orc (D:6)
  2 bullfrogs
  Dowan (D:6)
  4 wights (D:6)
  A bullfrog zombie (D:7)
  A centaur skeleton (D:5)
  Crazy Yiuf (D:6)
  4 orc wizards
  3 iguanas (D:4)
  8 worker ants
  6 adders
  3 gnolls
  A shadow imp (D:5)
  A white imp (D:6)
  2 ufetubi
  2 oozes
  2 worms
  A dart slug (D:1)
  2 leopard geckos
  27 orcs
  3 giant cockroaches
  4 goblins
  10 hobgoblins
  8 jackals
  4 quokkas
  2 ball pythons (D:3)
  6 bats
  7 frilled lizards
  11 kobolds
  7 rats
147 creatures vanquished.

Vanquished Creatures (collateral kills)
  An ogre (D:7)
1 creature vanquished.

Vanquished Creatures (others)
  A fungus (D:8)
1 creature vanquished.

Grand Total: 149 creatures vanquished

Table legend: (Time is in decaauts)
 A = Elapsed time spent in this place.
 B = Non-inter-level travel time spent in this place.
 C = Inter-level travel time spent in this place.
 D = Time resting spent in this place.
 E = Time spent auto-exploring this place.
 F = Levels seen in this place.
 G = Mean time per level.
                   A        B        C        D        E       F      G
               +--------+--------+--------+--------+--------+-----+--------+
         Total |   9321 |   8984 |    337 |   2182 |   4494 |   9 | 1035.7 |
       Dungeon |   9204 |   8879 |    325 |   2182 |   4396 |   8 | 1150.5 |
        Temple |    116 |    104 |     12 |      0 |     98 |   1 |  116.0 |
               +--------+--------+--------+--------+--------+-----+--------+

Top non-repeatable levels by time:
     D:6: 1829 daAuts
     D:3: 1749 daAuts
     D:7: 1318 daAuts
     D:2: 1175 daAuts
     D:1: 1118 daAuts
     D:4: 916 daAuts
     D:5: 696 daAuts
     D:8: 401 daAuts
  Temple: 116 daAuts

Table legend:
 A = Non-vault XP
 B = Vault XP
 C = Vault XP percentage of total XP
 D = Non-vault monster count
 E = Vault monster count
 F = Vault count percentage of total count
                 A         B        C        D         E       F
            +---------+---------+-------+---------+---------+-------
      Total |    2892 |    1046 |  26.6 |     141 |       7 |   4.7
            +---------+---------+-------+---------+---------+-------
        D:1 |      46 |       0 |   0.0 |      25 |       0 |   0.0
        D:2 |     173 |       0 |   0.0 |      21 |       0 |   0.0
        D:3 |      89 |       0 |   0.0 |      32 |       0 |   0.0
        D:4 |     330 |       0 |   0.0 |      19 |       0 |   0.0
        D:5 |     264 |       0 |   0.0 |       7 |       0 |   0.0
        D:6 |     607 |     365 |  37.6 |      19 |       4 |  17.4
        D:7 |    1145 |     283 |  19.8 |      13 |       1 |   7.1
        D:8 |     238 |     398 |  62.6 |       5 |       2 |  28.6
            +---------+---------+-------+---------+---------+-------
